[Event "Titled Tuesday Blitz December 06 Early 2022"]
[White "Mazurkiewicz, Michal"]
[Black "Battlecruiser_Operational"]
[WhiteFideId "1124943"]
[WhiteElo "2081"]
[BlackElo "2253"]
[Result "0-1"]
[Round "09"]
[TimeControl "180+1"]
[Date "2022.12.07"]
[WhiteClock "0:00:12"]
[BlackClock "0:00:11"]

1. e4 c6 2. d3 g6 3. Nf3 Bg7 4. g3 e5 5. Bg2 Ne7 6. O-O O-O 7. Re1 Qc7 8. c4 a5 9. Nc3 Na6 10. a3 Nc5 11. Be3 d6 12. Qc2 Bd7 13. b4 Ne6 14. Rad1 f5 15. Ng5 Nd4 16. Bxd4 exd4 17. Ne2 axb4 18. axb4 h6 19. Nf3 fxe4 20. dxe4 c5 21. b5 g5 22. Nc1 Bg4 23. Qd3 Ng6 24. Qb3 Qf7 25. Rd3 Ne5 26. h3 Bxf3 27. Rd2 d3 28. Bf1 Ra1 29. Nxd3 Rxe1 30. Nxe1 g4 31. hxg4 Bxg4 32. f4 Ng6 33. Rxd6 h5 34. Nc2 Nxf4 35. gxf4 Qxf4 36. Qd3 Qf2+ 37. Kh1 Bf3+ 38. Qxf3 Qxf3+ 39. Bg2 Qf4 40. Rg6 Qc1+ 41. Kh2 Qxc2 42. e5 Qxg6 43. e6 Kh8 44. e7 Re8 45. b6 Rxe7 46. Be4 Qxe4 47. Kh3 Qe3+ 48. Kh4 Bf6+ 49. Kxh5 Qg5# 0-1


[Site "https://www.chess.com"]

[Event "Titled Tuesday Blitz December 06 Early 2022"]
[White "Mendez Fortes, Eduardo Jesus"]
[Black "Chigaev, Maksim"]
[WhiteFideId "3502376"]
[BlackFideId "4108116"]
[WhiteElo "2307"]
[BlackElo "2542"]
[Result "1-0"]
[Round "09"]
[TimeControl "180+1"]
[Date "2022.12.07"]
[WhiteClock "0:01:37"]
[BlackClock "0:00:10"]

1. e4 c5 2. Nf3 e6 3. d4 cxd4 4. Nxd4 Nf6 5. Nc3 Nc6 6. Ndb5 d6 7. Bf4 e5 8. Bg5 a6 9. Na3 b5 10. Nd5 Be7 11. Bxf6 Bxf6 12. c4 b4 13. Nc2 a5 14. Qf3 Bg5 15. h4 Bh6 16. g4 Bf4 17. Be2 O-O 18. Nxf4 exf4 19. Qxf4 Qe7 20. O-O-O Ne5 21. Ne3 Be6 22. Kb1 a4 23. g5 Rfc8 24. Rd4 b3 25. a3 Nd7 26. Qxd6 Qe8 27. Rhd1 Nc5 28. Bf3 Ra6 29. Qe5 Raa8 30. Nf5 Nd7 31. Qxg7# 1-0


[Site "https://www.chess.com"]

[Event "Titled Tuesday Blitz December 06 Early 2022"]
[White "Mikhailovsky, Vladimir"]
[Black "Aravindh, Chithambaram VR."]
[WhiteFideId "34105414"]
[BlackFideId "5072786"]
[WhiteElo "2295"]
[BlackElo "2586"]
[Result "0-1"]
[Round "09"]
[TimeControl "180+1"]
[Date "2022.12.06"]
[WhiteClock "0:00:03"]
[BlackClock "0:00:06"]

1. e4 e5 2. Nf3 Nc6 3. Nc3 Nf6 4. d4 exd4 5. Nxd4 Nxe4 6. Nxe4 Qe7 7. f3 d5 8. Bb5 Bd7 9. Bxc6 bxc6 10. O-O dxe4 11. fxe4 g6 12. Be3 Bg7 13. Nb3 Be5 14. Qf3 O-O 15. Bd4 Bxd4+ 16. Nxd4 c5 17. Nb3 Bc6 18. Rae1 c4 19. Nd4 Bb7 20. Qc3 c5 21. Nf3 a5 22. Nd2 Rfd8 23. Nxc4 Rd4 24. Ne3 Qxe4 25. Qxc5 Rd2 26. Qg5 Rad8 27. Rf3 Qc6 28. Rf2 Qb6 29. Rxd2 Rxd2 30. Qf4 Rxg2+ 31. Kf1 Rd2 32. c4 Rd8 33. Re2 Qc5 34. Rf2 Qe7 35. b3 Bc6 36. Qf3 Bxf3 37. Rxf3 Qe4 38. Kf2 Qd3 39. Ng4 Qd4+ 40. Kg3 f5 41. Nf2 Qe5+ 42. Kg2 Rd2 43. h3 Qd4 44. h4 Rxa2 45. c5 Rc2 46. c6 Rxc6 0-1


[Site "https://www.chess.com"]

[Event "Titled Tuesday Blitz December 06 Early 2022"]
[White "Moksh Amit Doshi"]
[Black "Vifleemskaia, Svetlana"]
[WhiteFideId "25064967"]
[BlackFideId "4129490"]
[WhiteElo "2297"]
[BlackElo "1930"]
[Result "1-0"]
[Round "09"]
[TimeControl "180+1"]
[Date "2022.12.07"]
[WhiteClock "0:00:48"]
[BlackClock "0:00:13"]

1. d4 Nf6 2. Nf3 d5 3. Bf4 c5 4. e3 Nc6 5. Nbd2 Qb6 6. dxc5 Qxb2 7. Rb1 Qxa2 8. Bb5 Bd7 9. O-O e6 10. Nb3 Be7 11. Ra1 Qb2 12. Bxc6 Bxc6 13. Be5 Qxa1 14. Qxa1 O-O 15. Nfd4 Ne8 16. Rb1 f6 17. Bg3 e5 18. Nxc6 bxc6 19. Na5 Bxc5 20. Nxc6 Nd6 21. Qa5 Bb6 22. Qxd5+ Nf7 23. Rb4 g6 24. h4 h5 25. Ne7+ Kg7 26. Qe4 f5 27. Bxe5+ Kh7 28. Nxf5 Nxe5 29. Ng3 Rae8 30. Qd5 Ng4 31. Qd7+ Kh6 32. Rf4 Rxf4 33. Qxe8 1-0


[Site "https://www.chess.com"]

[Event "Titled Tuesday Blitz December 06 Early 2022"]
[White "Molina, Roberto Junio Brito"]
[Black "Vlassov, Nikolai"]
[WhiteFideId "2109450"]
[BlackFideId "4103360"]
[WhiteElo "2376"]
[BlackElo "2324"]
[Result "1-0"]
[Round "09"]
[TimeControl "180+1"]
[Date "2022.12.06"]
[WhiteClock "0:00:28"]
[BlackClock "0:00:05"]

1. e4 Nc6 2. Nf3 d5 3. exd5 Qxd5 4. Nc3 Qa5 5. d4 Bg4 6. h3 Bxf3 7. Qxf3 O-O-O 8. d5 Nb4 9. Bd3 Nf6 10. O-O Nbxd5 11. Bd2 e6 12. a3 Be7 13. b4 Qb6 14. Nxd5 Rxd5 15. c4 Rd7 16. c5 Qc6 17. Qxc6 bxc6 18. Ba6+ Kb8 19. Bc3 Rhd8 20. Rab1 Ne4 21. b5 Bxc5 22. bxc6+ Bb6 23. cxd7 Nxc3 24. Rb3 Na4 25. Bb5 Nc5 26. Rf3 f5 27. Bc6 g6 28. Rd1 e5 29. Rc3 e4 30. Kf1 a5 31. Rd5 Nd3 32. f3 Nf4 33. Re5 e3 34. Re8 e2+ 35. Ke1 Nxg2+ 36. Kxe2 Nf4+ 37. Kd1 1-0


[Site "https://www.chess.com"]

[Event "Titled Tuesday Blitz December 06 Early 2022"]
[White "Moroni, Luca Jr"]
[Black "Sjugirov, Sanan"]
[WhiteFideId "865834"]
[BlackFideId "4189302"]
[WhiteElo "2573"]
[BlackElo "2613"]
[Result "0-1"]
[Round "09"]
[TimeControl "180+1"]
[Date "2022.12.06"]
[WhiteClock "0:00:02"]
[BlackClock "0:00:02"]

1. d4 Nf6 2. c4 e6 3. Nc3 Bb4 4. e3 Bxc3+ 5. bxc3 b6 6. Bd3 d6 7. e4 Nc6 8. Ne2 Nd7 9. O-O Ba6 10. f4 Na5 11. Qa4 O-O 12. f5 Qe8 13. fxe6 fxe6 14. Bg5 Rxf1+ 15. Rxf1 Nf8 16. Qb4 c5 17. Qb1 Bxc4 18. e5 d5 19. dxc5 bxc5 20. Bxc4 Nxc4 21. Qb7 Nxe5 22. Bf4 Nf7 23. Bg3 Nd7 24. Nf4 Qc8 25. Qxc8+ Rxc8 26. Nxe6 Nf6 27. Rb1 Ne4 28. Be1 Ne5 29. Nf4 d4 30. cxd4 cxd4 31. Rd1 Rd8 32. Ba5 Rd7 33. Bb4 d3 34. Kf1 d2 35. Ke2 Nc4 36. Kf3 a5 37. Bxa5 Nc5 38. Bc3 Na4 39. Bb4 Nab2 0-1


[Site "https://www.chess.com"]

[Event "Titled Tuesday Blitz December 06 Early 2022"]
[White "Mrudul Dehankar"]
[Black "Dzhaparov, Medet"]
[WhiteFideId "25096990"]
[BlackFideId "13803689"]
[WhiteElo "2139"]
[BlackElo "1702"]
[Result "0-1"]
[Round "09"]
[TimeControl "180+1"]
[Date "2022.12.07"]
[WhiteClock "0:00:02"]
[BlackClock "0:00:05"]

1. e4 e5 2. Nf3 Nc6 3. Bb5 Nf6 4. O-O Nxe4 5. d4 Nd6 6. Bxc6 dxc6 7. dxe5 Nf5 8. Qxd8+ Kxd8 9. Nc3 Be6 10. Ne4 Be7 11. Rd1+ Ke8 12. b3 Rd8 13. Bb2 h6 14. c4 Nh4 15. Nd4 Bf5 16. Nxf5 Nxf5 17. Kf1 Bg5 18. Ke2 Ke7 19. g3 h5 20. f4 Bh6 21. Ba3+ Ke8 22. Bb2 b6 23. a4 c5 24. h3 Ke7 25. Kf3 Rhe8 26. a5 Ra8 27. g4 hxg4+ 28. hxg4 Nh4+ 29. Kg3 Ng6 30. g5 Bxg5 31. Nxg5 Red8 32. axb6 axb6 33. Rxd8 Rxd8 34. Nf3 Rd3 35. Ra3 Rd1 36. Bc1 Rxc1 37. Ra7 Rb1 38. Rxc7+ Kd8 39. Rxf7 Rxb3 40. Rxg7 Ne7 41. f5 Nxf5+ 42. Kf4 Nxg7 43. Kg5 Ne6+ 44. Kf6 Rxf3+ 45. Kxe6 Rc3 46. Kd5 Rd3+ 47. Kc6 Rd4 48. Kb5 Kc7 49. e6 Re4 0-1


[Site "https://www.chess.com"]

[Event "Titled Tuesday Blitz December 06 Early 2022"]
[White "Nugumanov, Bakhtiyar"]
[Black "De Souza, Cristiano Gomes"]
[WhiteFideId "13701797"]
[BlackFideId "2151758"]
[WhiteElo "2287"]
[BlackElo "2068"]
[Result "1-0"]
[Round "09"]
[TimeControl "180+1"]
[Date "2022.12.07"]
[WhiteClock "0:00:43"]
[BlackClock "0:00:41"]

1. e4 c5 2. Nf3 d6 3. d4 cxd4 4. Nxd4 Nf6 5. Nc3 a6 6. Bg5 e6 7. f4 Be7 8. Qf3 h6 9. Bh4 g5 10. fxg5 Nfd7 11. Qh5 Ne5 12. Nf3 Nbc6 13. Be2 Nxf3+ 14. Bxf3 Ne5 15. O-O Bxg5 16. Bxg5 Qxg5 17. Rad1 Ke7 18. Rf2 Bd7 19. Rfd2 Bc6 20. Rxd6 Rag8 21. Kh1 Qxh5 22. Bxh5 Rg5 23. Be2 h5 24. R6d4 h4 25. h3 Rhg8 26. Bf1 Rg3 27. a3 f5 28. Re1 Rxc3 29. bxc3 Bxe4 30. Rexe4 fxe4 31. Rxe4 Ng6 32. Rxe6+ Kxe6 33. Bc4+ Kd6 34. Bxg8 Nf4 35. Kh2 Kc5 36. c4 b5 37. cxb5 axb5 38. g3 hxg3+ 39. Kxg3 Nh5+ 40. Kf3 Nf6 41. Bb3 Kd4 42. Kf4 Kc3 43. h4 Nd7 44. h5 Nc5 45. h6 Nxb3 46. cxb3 Kxb3 47. h7 Kxa3 48. h8=Q b4 49. Ke3 Ka2 50. Qa8+ Kb2 51. Kd2 b3 52. Qh8+ Ka2 53. Kc1 1-0


[Site "https://www.chess.com"]

[Event "Titled Tuesday Blitz December 06 Early 2022"]
[White "Omariev, Maksim"]
[Black "Tay, Junior"]
[WhiteFideId "4193423"]
[BlackFideId "5800439"]
[WhiteElo "2443"]
[BlackElo "2216"]
[Result "1-0"]
[Round "09"]
[TimeControl "180+1"]
[Date "2022.12.07"]
[WhiteClock "0:00:12"]
[BlackClock "0:00:25"]

1. b3 d5 2. Bb2 a6 3. h3 c5 4. g4 Nc6 5. Bg2 e5 6. d3 f6 7. e3 Be6 8. Nd2 Qd7 9. Ne2 O-O-O 10. Ng3 Nge7 11. Qe2 Ng6 12. Rf1 Kb8 13. O-O-O Qc7 14. Kb1 Qa5 15. f4 Nh4 16. Bh1 c4 17. dxc4 d4 18. exd4 Nxd4 19. Qe4 Nc6 20. fxe5 Rxd2 21. Rxd2 Qxd2 22. exf6 Bc8 23. fxg7 Bxg7 24. Bxg7 Rd8 25. Bf6 Rf8 26. Be5+ Ka8 27. Rxf8 Qd7 28. Qd5 Qe7 29. Rxc8+ Ka7 30. Bd4+ Nxd4 31. Qxd4+ b6 32. Ra8# 1-0


[Site "https://www.chess.com"]

[Event "Titled Tuesday Blitz December 06 Early 2022"]
[White "Oro, Faustino"]
[Black "Ovchinnikov, Vsevolod"]
[WhiteFideId "20000197"]
[BlackFideId "24176842"]
[WhiteElo "1984"]
[BlackElo "2376"]
[Result "0-1"]
[Round "09"]
[TimeControl "180+1"]
[Date "2022.12.07"]
[WhiteClock "0:00:02"]
[BlackClock "0:00:02"]

1. e4 g6 2. d4 Bg7 3. Nc3 a6 4. f4 b5 5. Nf3 d6 6. Bd3 Nd7 7. O-O c5 8. Be3 cxd4 9. Nxd4 Bb7 10. Re1 Ngf6 11. Bf2 e5 12. Nf3 exf4 13. e5 dxe5 14. Nxe5 O-O 15. Nxd7 Qxd7 16. Be2 Rfd8 17. Bf3 Qxd1 18. Raxd1 Bxf3 19. gxf3 g5 20. Ne2 Rd5 21. c3 Rad8 22. Nd4 Bf8 23. Kg2 h6 24. Re2 Kh7 25. Rde1 Rc8 26. Re5 Kg6 27. Nf5 Rxe5 28. Rxe5 Re8 29. Rxe8 Nxe8 30. Nd4 Nd6 31. Nc6 Nc4 32. b3 Ne3+ 33. Bxe3 fxe3 34. Kf1 f5 35. Ke2 f4 36. c4 bxc4 37. bxc4 Kf5 38. Nd4+ Ke5 39. Nc6+ Kd6 40. Nd4 h5 41. Kd3 g4 42. Ke4 gxf3 43. Kxf3 Ke5 0-1


[Site "https://www.chess.com"]

[Event "Titled Tuesday Blitz December 06 Early 2022"]
[White "Osmonbekov, Talaibek"]
[Black "Simonovic, Miroslav"]
[WhiteFideId "2017253"]
[BlackFideId "919152"]
[WhiteElo "2135"]
[BlackElo "2057"]
[Result "0-1"]
[Round "09"]
[TimeControl "180+1"]
[Date "2022.12.07"]
[WhiteClock "0:00:01"]
[BlackClock "0:00:12"]

1. d4 Nf6 2. Bf4 c5 3. e3 b6 4. Nc3 Bb7 5. Nf3 g6 6. Be2 Bg7 7. O-O O-O 8. Re1 d6 9. a4 Nbd7 10. a5 cxd4 11. exd4 a6 12. axb6 Nxb6 13. Qd2 Re8 14. h3 Nfd5 15. Bh6 Nxc3 16. bxc3 Bh8 17. Reb1 Bd5 18. Qg5 Bf6 19. Qg4 Qc7 20. Ra3 Nc4 21. Bxc4 Bxc4 22. Nd2 Be6 23. Qf3 Reb8 24. Rba1 Bg7 25. Bxg7 Kxg7 26. h4 h5 27. Rxa6 Rxa6 28. Rxa6 Bg4 29. Qc6 Qxc6 30. Rxc6 Rb2 31. Rc7 Kf6 32. Ne4+ Ke6 33. Ng5+ Kf6 34. Ne4+ Kg7 35. Rxe7 Be6 36. Nxd6 Rxc2 37. Rc7 Rc1+ 38. Kh2 Kf6 39. c4 Rc2 40. f3 g5 0-1


[Site "https://www.chess.com"]

[Event "Titled Tuesday Blitz December 06 Early 2022"]
[White "Ozen, Bahadir"]
[Black "Ibarra Jerez, Jose Carlos"]
[WhiteFideId "6337058"]
[BlackFideId "2226332"]
[WhiteElo "2503"]
[BlackElo "2638"]
[Result "0-1"]
[Round "09"]
[TimeControl "180+1"]
[Date "2022.12.06"]
[WhiteClock "0:00:31"]
[BlackClock "0:01:08"]

1. g3 Nf6 2. Bg2 g6 3. Nf3 Bg7 4. d3 d6 5. O-O O-O 6. e4 c5 7. c3 Nc6 8. Nbd2 Rb8 9. a4 a6 10. Re1 b5 11. axb5 axb5 12. d4 b4 13. dxc5 bxc3 14. bxc3 dxc5 15. Ba3 Nd7 16. Qc2 Nde5 17. Nxe5 Nxe5 18. Reb1 Rxb1+ 19. Rxb1 Ba6 20. Rd1 Qa5 21. Nb1 Rb8 22. f4 Nc4 23. Bc1 Qa1 24. Bd2 Rb2 25. Qd3 Rxd2 26. Rxd2 Nxd2 27. Qxd2 Qxb1+ 28. Kf2 Qd3 29. Qxd3 Bxd3 30. e5 c4 31. Ke3 f6 32. Kd4 fxe5+ 33. fxe5 Kf7 34. Bd5+ e6 35. Bc6 Bf8 36. g4 Bh6 37. h4 Bf4 38. Bf3 h6 39. h5 g5 40. Bd1 Ke7 41. Bf3 Bg3 0-1


[Site "https://www.chess.com"]

[Event "Titled Tuesday Blitz December 06 Early 2022"]
[White "Pajeken, Jakob Leon"]
[Black "Przybylski, Wojciech"]
[WhiteFideId "12942839"]
[BlackFideId "1117599"]
[WhiteElo "2414"]
[BlackElo "2217"]
[Result "1-0"]
[Round "09"]
[TimeControl "180+1"]
[Date "2022.12.07"]
[WhiteClock "0:01:31"]
[BlackClock "0:00:01"]

1. d4 Nf6 2. Nf3 e6 3. Bf4 d5 4. e3 Bd6 5. Bg3 O-O 6. c4 b6 7. cxd5 exd5 8. Nc3 Re8 9. Bd3 Nbd7 10. Rc1 a6 11. Bxd6 cxd6 12. O-O Nf8 13. Re1 Bg4 14. h3 Bh5 15. Be2 Ne6 16. Nd2 Bg6 17. Bf3 Nc7 18. Qb3 Be4 19. Bxe4 dxe4 20. Qxb6 Rb8 21. Qc6 d5 22. Nb3 Re6 23. Qa4 Reb6 24. Qa5 Qd7 25. Na4 Rb4 26. Nac5 Qd6 27. Nxe4 dxe4 28. Qxc7 Qd5 29. Rc5 1-0


[Site "https://www.chess.com"]

[Event "Titled Tuesday Blitz December 06 Early 2022"]
[White "Pakleza, Zbigniew"]
[Black "Zemlyanskii, Ivan"]
[WhiteFideId "1119290"]
[BlackFideId "24249971"]
[WhiteElo "2410"]
[BlackElo "2107"]
[Result "1-0"]
[Round "09"]
[TimeControl "180+1"]
[Date "2022.12.06"]
[WhiteClock "0:00:04"]
[BlackClock "0:00:03"]

1. d4 d5 2. Bf4 Nf6 3. e3 c5 4. c3 Nc6 5. Nd2 Qb6 6. Qb3 c4 7. Qc2 g6 8. e4 dxe4 9. Nxc4 Qd8 10. O-O-O Bg7 11. d5 Nxd5 12. Qxe4 e6 13. Nd6+ Kf8 14. Bg3 f5 15. Qh4 Bf6 16. Qh6+ Bg7 17. Qd2 h5 18. Kb1 h4 19. Bf4 g5 20. Nxf5 gxf4 21. Nxg7 Kxg7 22. Nh3 Qf6 23. c4 Nde7 24. Nxf4 e5 25. Nd5 Bf5+ 26. Ka1 Nxd5 27. cxd5 Nd4 28. Bd3 Rac8 29. f3 Rc2 30. Qb4 Rf2 31. Qxb7+ Kh6 32. a3 Rd8 33. Be4 Bxe4 34. fxe4 Rxg2 35. Rhf1 Rf2 36. Rxf2 Qxf2 37. Qxa7 Qc2 38. Rg1 Nb3+ 39. Ka2 1-0


[Site "https://www.chess.com"]

[Event "Titled Tuesday Blitz December 06 Early 2022"]
[White "Pein, Jonathan"]
[Black "Demin, Vladimir"]
[WhiteFideId "417092"]
[BlackFideId "4167457"]
[WhiteElo "2225"]
[BlackElo "2568"]
[Result "0-1"]
[Round "09"]
[TimeControl "180+1"]
[Date "2022.12.07"]
[WhiteClock "0:00:15"]
[BlackClock "0:00:06"]

1. e4 e5 2. Nf3 Nc6 3. Nc3 Nf6 4. g3 d5 5. exd5 Nxd5 6. Bg2 Be6 7. O-O Be7 8. Re1 O-O 9. Nxe5 Nxe5 10. Rxe5 Nxc3 11. bxc3 Bf6 12. Re1 c6 13. d4 c5 14. Be3 Qc7 15. Qf3 Rfd8 16. Rab1 Bd5 17. Qg4 Bxg2 18. Kxg2 cxd4 19. cxd4 Qxc2 20. Rxb7 Qxa2 21. Rc1 Qd5+ 22. Qf3 Qxf3+ 23. Kxf3 a5 24. Rcc7 a4 25. Ra7 h5 26. Ke4 a3 27. Rxa8 Rxa8 28. Rc1 a2 29. Ra1 Kf8 30. Kd5 Ke7 31. Kc4 Kd6 32. Bf4+ Kc6 33. Be3 Kd6 34. Bf4+ Kd7 35. Kb3 Bxd4 36. Rxa2 Rxa2 37. Kxa2 Bxf2 38. Kb3 Bg1 39. Kc4 Bxh2 40. Kd5 h4 41. Ke4 Bxg3 42. Bg5 f6 43. Kf3 fxg5 0-1


[Site "https://www.chess.com"]

[Event "Titled Tuesday Blitz December 06 Early 2022"]
[White "Postnikov, Artem"]
[Black "Leve, Nitai"]
[WhiteFideId "34153575"]
[BlackFideId "2006898"]
[WhiteElo "2243"]
[BlackElo "2144"]
[Result "1-0"]
[Round "09"]
[TimeControl "180+1"]
[Date "2022.12.07"]
[WhiteClock "0:00:21"]
[BlackClock "0:00:01"]

1. d4 d5 2. c4 c6 3. Nf3 Nf6 4. e3 Bf5 5. Nc3 e6 6. Nh4 Bg4 7. Qb3 Qc7 8. h3 Bh5 9. g4 Bg6 10. Bd2 Bd6 11. Nxg6 hxg6 12. cxd5 exd5 13. g5 Nh5 14. Be2 Qe7 15. h4 Nd7 16. Qxb7 O-O 17. Qxc6 Rab8 18. Nxd5 Qe4 19. Bf3 Qe6 20. Qc2 Rfc8 21. Nc3 Nb6 22. b3 Bb4 23. Qd3 Nf4 24. Qe4 Bxc3 25. Bxc3 Qxe4 26. Bxe4 Rxc3 27. exf4 Rd8 28. O-O Rxd4 29. f3 Nd5 30. Rfd1 Rxd1+ 31. Rxd1 Nxf4 32. Rd8+ Kh7 33. Rd7 Kg8 34. Rxa7 Re3 35. b4 Re2 36. b5 Rb2 37. a4 Nh3+ 38. Kf1 f5 39. gxf6 gxf6 40. Rb7 f5 41. Bd5+ Kh8 42. a5 Nf4 43. Bc6 Ng2 44. a6 Ne3+ 45. Ke1 1-0


[Site "https://www.chess.com"]

[Event "Titled Tuesday Blitz December 06 Early 2022"]
[White "Putnam, Liam"]
[Black "HSH1987"]
[WhiteFideId "30938279"]
[WhiteElo "2082"]
[BlackElo "2537"]
[Result "1-0"]
[Round "09"]
[TimeControl "180+1"]
[Date "2022.12.07"]
[WhiteClock "0:01:15"]
[BlackClock "0:00:30"]

1. Nf3 Nf6 2. c4 g6 3. b3 Bg7 4. Bb2 O-O 5. g3 d6 6. d4 c6 7. Bg2 Qa5+ 8. Nbd2 Qa6 9. O-O b5 10. e4 bxc4 11. bxc4 Be6 12. Qc2 Nbd7 13. Ng5 Nb6 14. Nxe6 fxe6 15. e5 dxe5 16. dxe5 Nfd7 17. Bxc6 Rac8 18. Bxd7 Nxd7 19. Qe4 Nc5 20. Qe3 Rfd8 21. Bd4 Na4 22. Rac1 Nb6 23. Bxb6 axb6 24. Rc2 Rc5 25. Nf3 Rdc8 26. Rb1 Rxc4 27. Rxb6 Qa4 28. Rxc4 Qxc4 29. Qb3 Qb4 30. Qxe6+ 1-0


[Site "https://www.chess.com"]

[Event "Titled Tuesday Blitz December 06 Early 2022"]
[White "Quinones Garcia, Santiago"]
[Black "Estrada Nieto, Julian"]
[WhiteFideId "4408497"]
[BlackFideId "5101018"]
[WhiteElo "2249"]
[BlackElo "2195"]
[Result "0-1"]
[Round "09"]
[TimeControl "180+1"]
[Date "2022.12.07"]
[WhiteClock "0:00:01"]
[BlackClock "0:00:09"]

1. e4 e5 2. Nf3 Nc6 3. Nc3 Nf6 4. d4 exd4 5. Nxd4 Bb4 6. Nxc6 bxc6 7. Bd3 d5 8. exd5 O-O 9. O-O cxd5 10. Bg5 c6 11. Qf3 Bd6 12. h3 Rb8 13. b3 Be5 14. Bd2 Qd6 15. Rae1 Bd7 16. Ne2 c5 17. Ng3 Rfe8 18. Nf5 Bxf5 19. Bxf5 Re7 20. Bg5 h6 21. Bh4 Rbe8 22. Kh1 g5 23. Bg3 Bxg3 24. Rxe7 Rxe7 25. fxg3 d4 26. Bd3 Kg7 27. h4 Re3 28. Qb7 gxh4 29. gxh4 Re7 30. Qf3 Re3 31. Qb7 Qg3 32. Bc4 Qxh4+ 33. Kg1 Qh5 34. Qc6 Qe5 35. Qb7 Qe7 36. Qxe7 Rxe7 37. Rf5 Ne4 38. Rd5 Nc3 39. Rxc5 Nxa2 40. Rd5 Re4 41. Bd3 Rf4 42. Ra5 Nc1 43. Bc4 d3 44. cxd3 Ne2+ 45. Kh2 Rh4# 0-1


[Site "https://www.chess.com"]

[Event "Titled Tuesday Blitz December 06 Early 2022"]
[White "Raahul V S"]
[Black "Korchmar, Vasiliy"]
[WhiteFideId "25035525"]
[BlackFideId "24131750"]
[WhiteElo "2202"]
[BlackElo "2370"]
[Result "0-1"]
[Round "09"]
[TimeControl "180+1"]
[Date "2022.12.06"]
[WhiteClock "0:00:01"]
[BlackClock "0:00:02"]

1. c4 c6 2. d4 d5 3. Nf3 Nf6 4. g3 g6 5. Bg2 Bg7 6. cxd5 cxd5 7. O-O O-O 8. Nc3 Ne4 9. e3 Nxc3 10. bxc3 Nc6 11. Nd2 Na5 12. Ba3 b6 13. Re1 Bb7 14. Bb4 Nc6 15. Ba3 Na5 16. Bb4 Nc6 17. Ba3 Rc8 18. c4 dxc4 19. Nxc4 Ba6 20. Rc1 Bb5 21. Qb3 a6 22. Bb2 h5 23. Na3 Na5 24. Rxc8 Qxc8 25. Qb4 Bc6 26. Qxb6 Bxg2 27. Kxg2 Qa8+ 28. Kg1 Rb8 29. Qxa5 Rxb2 30. Nc4 Rc2 31. Qa4 Qe4 32. Qb3 h4 33. f3 Qf5 34. e4 Bxd4+ 35. Kh1 Qh3 36. Qxc2 hxg3 37. Qg2 Qh5 38. Qxg3 Qb5 39. Rc1 Qa4 40. f4 Qxa2 41. f5 Qe2 42. Qg2 Qd3 43. fxg6 f6 44. Na5 Kg7 45. Nc6 Be3 0-1


[Site "https://www.chess.com"]

[Event "Titled Tuesday Blitz December 06 Early 2022"]
[White "Rakhmatullaev, Almas"]
[Black "Gabdrakhmanov, Azat"]
[WhiteFideId "14205793"]
[BlackFideId "34189197"]
[WhiteElo "2221"]
[BlackElo "2254"]
[Result "1/2-1/2"]
[Round "09"]
[TimeControl "180+1"]
[Date "2022.12.06"]
[WhiteClock "0:00:07"]
[BlackClock "0:00:07"]

1. e4 c5 2. c3 d5 3. exd5 Qxd5 4. d4 Nf6 5. Nf3 e6 6. Be3 cxd4 7. cxd4 Nc6 8. Nc3 Qd6 9. Bd3 Be7 10. O-O O-O 11. Rc1 Bd7 12. Bb1 Rad8 13. Qd2 Qb8 14. Rfd1 a6 15. Bf4 Bd6 16. Bg5 Be7 17. a3 h6 18. Bxf6 Bxf6 19. Ne4 Be7 20. Qd3 g6 21. Qe3 Kh7 22. Nc5 Bc8 23. h4 h5 24. Ne4 Kg7 25. Ng3 Bf6 26. Qe4 Rh8 27. Rc5 Ne7 28. Qe2 b6 29. Rcc1 Bb7 30. Be4 Nd5 31. Bxd5 Bxd5 32. Ne4 Bxe4 33. Qxe4 Rd5 34. Rc6 Rhd8 35. g3 a5 36. Kg2 b5 37. b4 Qa7 38. Rdc1 R8d7 39. Rc8 axb4 40. axb4 Bxd4 41. R1c2 Bf6 42. Re8 Rd8 43. Rxd8 Rxd8 44. Qf4 Qa8 45. Re2 Rd3 46. Re3 Rxe3 47. Qxe3 Qd5 48. Qc5 Qxc5 49. bxc5 b4 50. c6 Bd8 51. Nd4 Kf6 52. f4 Ke7 53. Nb5 b3 54. Kf3 b2 55. Na3 Kd6 56. Nc4+ Kxc6 57. Nxb2 Kd5 58. Nd3 Bc7 59. Nf2 f6 60. Ne4 Bd8 61. Ke3 e5 62. fxe5 Kxe5 63. Kf3 Kf5 64. Nd6+ Ke6 65. Nc4 Bc7 66. Nd2 g5 67. hxg5 fxg5 68. Ne4 Kf5 69. Nf2 Bb6 70. Nd3 Bd4 71. Kg2 Kg4 72. Ne1 Be5 73. Nf3 Bd6 74. Nh2+ Kf5 75. Nf1 Bc5 76. Kf3 Bb4 77. Ne3+ Ke5 78. g4 hxg4+ 79. Kxg4 Ke6 80. Kxg5 1/2-1/2


[Site "https://www.chess.com"]

[Event "Titled Tuesday Blitz December 06 Early 2022"]
[White "Ramirez Vido, Robert Yorisan"]
[Black "monkins"]
[WhiteFideId "3513823"]
[WhiteElo "2355"]
[BlackElo "2254"]
[Result "1-0"]
[Round "09"]
[TimeControl "180+1"]
[Date "2022.12.07"]
[WhiteClock "0:00:15"]
[BlackClock "0:00:04"]

1. f4 Nf6 2. Nf3 c5 3. g3 g6 4. Bg2 Bg7 5. O-O O-O 6. d3 d6 7. e4 Nc6 8. Nc3 Rb8 9. h3 b5 10. a3 a5 11. Be3 b4 12. axb4 cxb4 13. Ne2 Qc7 14. g4 Ba6 15. Rc1 Nd7 16. b3 Bb5 17. Qd2 a4 18. bxa4 Bxa4 19. f5 Nce5 20. Bh6 Nxf3+ 21. Rxf3 Ne5 22. Rf2 Qb6 23. Bxg7 Kxg7 24. Nf4 Bc6 25. Rf1 b3 26. cxb3 Qxb3 27. g5 Nd7 28. Qe3 Rb5 29. Qg3 gxf5 30. Qh4 fxe4 31. Qh6+ Kg8 32. Nh5 Qc3 33. Rf6 Qxf6 34. Rxf6 Rb1+ 35. Kh2 Nxf6 36. Qg7# 1-0


[Site "https://www.chess.com"]

[Event "Titled Tuesday Blitz December 06 Early 2022"]
[White "Rangel, Daniel"]
[Black "Kazakouski, Valery"]
[WhiteFideId "2124475"]
[BlackFideId "13507443"]
[WhiteElo "2225"]
[BlackElo "2516"]
[Result "0-1"]
[Round "09"]
[TimeControl "180+1"]
[Date "2022.12.07"]
[WhiteClock "0:00:11"]
[BlackClock "0:00:52"]

1. d4 d5 2. c4 e6 3. Nc3 a6 4. cxd5 exd5 5. Bf4 Nf6 6. e3 Bd6 7. Bg3 Bf5 8. Bd3 Bxd3 9. Qxd3 O-O 10. Nge2 Re8 11. O-O Bxg3 12. Nxg3 Nbd7 13. Rac1 c6 14. Rfe1 Qb6 15. b3 Re6 16. Na4 Qb5 17. Qc2 Rae8 18. Nc5 Nxc5 19. Qxc5 Qxc5 20. Rxc5 h5 21. h4 Ne4 22. Nxe4 Rxe4 23. Rec1 Rxh4 24. b4 Rg4 25. a4 Re6 26. Kf1 Reg6 27. g3 h4 28. gxh4 Rxh4 29. b5 axb5 30. axb5 Rh1+ 31. Ke2 Rxc1 32. Rxc1 Kf8 33. b6 Re6 34. Ra1 Re8 35. Kd2 Ke7 36. Kc3 Kd6 37. Rh1 c5 38. Rh7 Rg8 39. Rh5 g6 40. Rh7 Rf8 41. f4 Kc6 42. f5 Kxb6 43. Rh6 Rg8 44. Rh7 gxf5 45. Rxf7 Rg3 46. Rf6+ Kb5 47. Rxf5 Rxe3+ 48. Kd2 Re4 49. dxc5 Kxc5 50. Rf7 Rb4 51. Kc2 Rc4+ 52. Kd3 b5 53. Rc7+ Kb4 54. Rd7 Rc8 55. Rxd5 Ka4 56. Kd2 b4 57. Rd3 b3 58. Rd7 Ka3 59. Ra7+ Kb2 60. Ra5 Rd8+ 61. Ke2 Kc2 62. Rc5+ Kb1 63. Rb5 b2 64. Ke1 Ra8 65. Kd2 Ka1 66. Kc2 Rc8+ 67. Kd2 b1=Q 68. Ra5+ Qa2+ 69. Rxa2+ Kxa2 0-1


[Site "https://www.chess.com"]